General information
- name: BNet
- type: Ladder team game (AT/RT)
- host: Battle.net
- saver: noooooobs
map: TwistedMeadows
- players: 4
- length: 14:32
- speed: Fast
- version: 1.24 W3XP
- replay type: Public
» download(95 KB)
Players
team 1 (winner)

»
AusDieMaus (
yellow | 109 APM | 1584 actions | 14:32)
4 Blademaster
2 Wind Walk
2 Critical Strike
3 Shadow Hunter
1 Hex
2 Healing Wave
» actions
| Assign group hotkey | 34 | |
| Build / train | 43 | |
| Enter build submenu | 10 | |
| Enter hero's abilities submenu | 7 | |
| Remove unit from queue | 1 | |
| Right click | 922 | |
| Select / deselect | 161 | |
| Select group hotkey | 346 | |
| Use ability | 60 | |
1584 total
» units
| Peon | 8 | |
| Grunt | 4 | |
| Raider | 6 | |
| Spirit Walker | 3 | |
21 total
» upgrades
| Ensnare | 1 | |
| Spirit Walker Training | 1 | |
| Armor | 2 | |
| Melee Weapons | 1 | |
5 total
» buildings
| Altar of Storms | 1 | |
| Orc Burrow | 4 | |
| Barracks | 1 | |
| Voodoo Lounge | 1 | |
| Stronghold | 1 | |
| Beastiary | 1 | |
| Spirit Lodge | 1 | |
| War Mill | 1 | |
| Fortress | 1 | |
12 total
» build order
00:07 Altar of Storms
00:20 Orc Burrow
00:35 Barracks
01:29 Orc Burrow
01:55 Voodoo Lounge
02:57 Stronghold
05:03 Orc Burrow
05:34 Beastiary
05:38 Spirit Lodge
06:27 War Mill
08:31 Orc Burrow
12:05 Fortress
» items
| Healing Salve | 1 | |
| Lesser Clarity Potion | 1 | |
| Circlet of Nobility | 1 | |
| Dust of Appearance | 1 | |
| Boots of Speed | 1 | |
5 total

»
noooooobs (
red | 125 APM | 1819 actions | 14:32)
4 Death Knight
2 Death Coil
2 Unholy Aura
3 Lich
2 Frost Nova
1 Frost Armor
2 Crypt Lord
1 Impale
1 Spiked Carapace
» actions
| Assign group hotkey | 33 | |
| Basic commands | 16 | |
| Build / train | 48 | |
| ESC pressed | 1 | |
| Enter build submenu | 14 | |
| Enter hero's abilities submenu | 9 | |
| Give item / drop item | 3 | |
| Right click | 619 | |
| Select / deselect | 592 | |
| Select group hotkey | 397 | |
| Use ability | 87 | |
1819 total
» units
| Acolyte | 8 | |
| Ghoul | 4 | |
| Crypt Fiend | 8 | |
| Obsidian Statue | 2 | |
22 total
» upgrades
| Creature Attack | 2 | |
| Burrow | 1 | |
| Creature Carapace | 1 | |
| Web | 1 | |
| Destroyer Form | 1 | |
6 total
» buildings
| Crypt | 1 | |
| Graveyard | 1 | |
| Altar of Darkness | 1 | |
| Ziggurat | 6 | |
| Tomb of Relics | 1 | |
| Halls of the Dead | 1 | |
| Slaughterhouse | 1 | |
| Black Citadel | 1 | |
13 total
» build order
00:06 Crypt
00:10 Graveyard
00:42 Altar of Darkness
00:56 Ziggurat
01:22 Tomb of Relics
02:02 Ziggurat
03:34 Halls of the Dead
05:01 Ziggurat
06:14 Slaughterhouse
07:16 Ziggurat
08:46 Black Citadel
09:22 Ziggurat
11:20 Ziggurat
» items
| Rod of Necromancy | 3 | |
| Lesser Clarity Potion | 1 | |
| Healing Salve | 1 | |
| Orb of Corruption | 1 | |
6 total
team 2 (loser)
fabbel. (
teal | 125 APM | 1815 actions | 14:28)
3 Blademaster
2 Wind Walk
1 Critical Strike
2 Tauren Chieftain
1 War Stomp
1 Endurance Aura
» actions
| Assign group hotkey | 9 | |
| Basic commands | 2 | |
| Build / train | 39 | |
| Enter build submenu | 11 | |
| Enter hero's abilities submenu | 5 | |
| Remove unit from queue | 1 | |
| Right click | 886 | |
| Select / deselect | 162 | |
| Select group hotkey | 642 | |
| Use ability | 57 | |
1815 total
» units
» buildings
| Altar of Storms | 1 | |
| Orc Burrow | 4 | |
| Voodoo Lounge | 2 | |
| Barracks | 1 | |
| Stronghold | 1 | |
| War Mill | 1 | |
| Spirit Lodge | 1 | |
11 total
» build order
00:03 Altar of Storms
00:18 Orc Burrow
01:00 Voodoo Lounge
01:30 Barracks
01:53 Orc Burrow
03:00 Voodoo Lounge
04:03 Stronghold
04:53 Orc Burrow
05:14 War Mill
05:45 Orc Burrow
07:10 Spirit Lodge
» items
| Healing Salve | 4 | |
| Lesser Clarity Potion | 5 | |
| Boots of Speed | 1 | |
| Potion of Healing | 1 | |
| Scroll of Speed | 1 | |
| Potion of Lesser Invulnerability | 1 | |
13 total
fubbel. (
blue | 101 APM | 1470 actions | 14:31)
3 Mountain King
2 Storm Bolt
1 Bash
2 Paladin
1 Holy Light
1 Devotion Aura
» actions
| Assign group hotkey | 29 | |
| Basic commands | 8 | |
| Build / train | 56 | |
| Enter build submenu | 30 | |
| Enter hero's abilities submenu | 4 | |
| Remove unit from queue | 3 | |
| Right click | 623 | |
| Select / deselect | 355 | |
| Select group hotkey | 304 | |
| Use ability | 58 | |
1470 total
» units
| Peasant | 14 | |
| Footman | 2 | |
| Rifleman | 14 | |
| Mortar Team | 2 | |
32 total
» upgrades
| Gunpowder | 1 | |
| Armor | 1 | |
| Long Rifles | 1 | |
3 total
» buildings
| Altar of Kings | 1 | |
| Farm | 11 | |
| Barracks | 3 | |
| Scout Tower | 8 | |
| Lumber Mill | 1 | |
| Arcane Tower | 1 | |
| Town Hall | 1 | |
| Blacksmith | 1 | |
| Guard Tower | 4 | |
| Arcane Vault | 1 | |
| Keep | 2 | |
| Workshop | 1 | |
35 total
» build order
00:09 Altar of Kings
00:18 Farm
00:21 Barracks
00:49 Farm
02:05 Scout Tower
02:12 Lumber Mill
02:26 Farm
02:33 Arcane Tower
03:19 Town Hall
03:27 Scout Tower
03:32 Scout Tower
04:00 Blacksmith
04:06 Guard Tower
04:45 Barracks
04:54 Barracks
05:26 Arcane Vault
05:32 Farm
07:02 Farm
07:04 Farm
07:04 Farm
07:05 Farm
07:25 Keep
07:25 Keep
09:05 Scout Tower
09:15 Scout Tower
09:16 Scout Tower
09:41 Guard Tower
09:57 Scout Tower
10:01 Scout Tower
10:22 Guard Tower
10:54 Guard Tower
11:20 Workshop
12:38 Farm
12:40 Farm
12:41 Farm
» items
| Lesser Clarity Potion | 3 | |
| Potion of Healing | 2 | |
5 total
Chat log
(02:39 / Allies) noooooobs: grunt here?
(04:53 / Allies) noooooobs: get dust
(06:17 / Allies) noooooobs: gogo
(08:12 / Allies) AusDieMaus: atasrl
(08:54 / All) noooooobs: gg
(10:12 / Allies) AusDieMaus: gj man but care
(10:38 / Allies) noooooobs: i go exe
(10:41 / Allies) noooooobs: lets cc
(10:43 / Allies) noooooobs: and u take
(11:00 / Allies) AusDieMaus: web pls
(11:03 / Allies) noooooobs: doin now y
(11:08 / Allies) AusDieMaus: kk
(14:02 / Allies) AusDieMaus: mörer